[Event "Late-Titled-Tuesday-Blitz-August-29-2023"]
[Site "Chess.com"]
[Date "2023.08.29"]
[Round "2"]
[White "lupta_robin"]
[Black "OparinGrigoriy"]
[Result "1/2-1/2"]
[WhiteElo "2636"]
[BlackElo "2968"]
[TimeControl "180+1"]
[EndTime "14:18:59 PDT"]
[Termination "Game drawn - insufficient material"]

1. b3 e5 2. Bb2 Nc6 3. e3 d5 4. Bb5 Bd6 5. f4 Qe7 6. Nf3 e4 7. Bxg7 exf3 8. Qxf3 f6 9. Qh5+ Qf7 10. Qxf7+ Kxf7 11. Bxh8 Bf5 12. Nc3 Nb4 13. O-O Ne7 14. Bxf6 Kxf6 15. Be2 d4 16. Nb5 dxe3 17. Nxd6 cxd6 18.
dxe3 Nxc2 19. Rac1 Nxe3 20. Rfe1 d5 21. Bf3 d4 22.
Bxb7 Rd8 23. Bf3 N7d5 24. Bxd5 Rxd5 25. h3 h5 26. Kf2 h4 27. Rc6+ Be6 28. Ra6 Rd7 29.
Rxe3 dxe3+ 30. Kxe3 Kf7 31. b4 Rc7 32. a4 Bd5 33. Rh6 Rc4 34. Rxh4 Kg7 35. Rh5 Bc6 36. b5 Bb7 37. a5 Kf6 38. Rh7 Bxg2 39. Rxa7 Re4+ 40. Kd3 Rxf4 41. b6 Rb4 42. Rc7 Ke6 43. Kc3 Rb1 44. h4 Kd6 45. h5 Be4 46. h6 Rh1 47.
Kd4 Bc6 48. a6 Rxh6 49. a7 Rh8 50. Kc4 Rh4+ 51. Kc3 Ra4 52. Kb3 Ra1 53. Rc8 Ra6 54. Rb8 Kc5 55. Kc3 Kb5 56. Kd4 Rxb6 57. Rxb6+ Kxb6 58.
a8=Q Bxa8 1/2-1/2

[Event "Late-Titled-Tuesday-Blitz-August-29-2023"]
[Site "Chess.com"]
[Date "2023.08.29"]
[Round "2"]
[White "Colombiano07"]
[Black "German_Bazeev"]
[Result "1-0"]
[WhiteElo "2431"]
[BlackElo "2776"]
[TimeControl "180+1"]
[EndTime "14:18:59 PDT"]
[Termination "Colombiano07 won by resignation"]

1. d4 Nf6 2. c4 e6 3. Nc3 Bb4 4. e3 O-O 5. Ne2 Re8 6. a3 Bf8 7. Nf4 d5 8. cxd5 exd5 9. Bd3 b6 10. O-O Bb7 11. b4 a6 12. Bd2 Nbd7 13. Qf3 c6 14. Qh3 g6 15. Rfe1 b5 16. e4 dxe4 17. Nxe4 Nxe4 18.
Bxe4 Bg7 19. Rac1 Nb6 20. Bxc6 Rxe1+ 21. Bxe1 Bxc6 22. Rxc6 Qxd4 23. Qe3 Qxe3 24. fxe3 Nc4 25. Nd5 Rd8 26. Nc7 Nxe3 27. Rxa6 Be5 28. Nxb5 Rd1 29. Kf2 Ng4+ 30. Ke2 Ra1 31. h3 Ra2+ 32. Kd3 Nf6 33. Bc3 Nd5 34. Bxe5 Nxb4+ 35. axb4 Rxa6 36. Kc4 Kf8 37. Nc7 Ra2 38. g3 Ke7 39. Kc5 Kd7 40. Kb6 Re2 41.
Bf4 f6 42. Nd5 Re6+ 43. Kc5 g5 44. Bd2 h6 45. b5 Re2 46. Nxf6+ Kc7 47. Nd5+ Kb7 48.
Bc3 Rh2 49. Be5 Rxh3 50. Nf6 Rh1 51. Ne8 Rc1+ 52. Kd5 Kb6 53. Nd6 h5 54. Bd4+ Ka5 55.
b6 Ka6 56. b7 Rb1 57. Be5 h4 58. gxh4 gxh4 59. Ke4 h3 60. Kf3 Rb3+ 61. Kf2 Rb2+ 62.
Bxb2 1-0

[Event "Late-Titled-Tuesday-Blitz-August-29-2023"]
[Site "Chess.com"]
[Date "2023.08.29"]
[Round "2"]
[White "Veleamater"]
[Black "Irishchessman16"]
[Result "0-1"]
[WhiteElo "2297"]
[BlackElo "2495"]
[TimeControl "180+1"]
[EndTime "14:18:59 PDT"]
[Termination "Irishchessman16 won by resignation"]

1. g3 b6 2. Bg2 Nc6 3. c4 Bb7 4. Nc3 f5 5. Nf3 Nf6 6. d4 e6 7. O-O Be7 8. d5 Nb4 9. dxe6 dxe6 10. Qb3 O-O 11. Rd1 Qc8 12. a3 Na6 13. Qc2 Nc5 14. b4 Nce4 15. Bb2 a5 16. Nxe4 Nxe4 17. Qb3 c5 18. b5 Bf6 19. Bxf6 Rxf6 20. a4 Qc7 21. Qd3 Rff8 22. Qc2 Rad8 23. Nd2 Nd6 24.
Nf1 f4 25. Rd2 Bxg2 26. Kxg2 Qb7+ 27. f3 Nf5 28. Rad1 Nd4 29. Qe4 Qxe4 30. fxe4 e5 31. Rd3 Rde8 32. R1d2 Re6 33. e3 fxe3 34. Nxe3 Nf3 35. Rf2 Ne1+ 36. Kg1 Nxd3 37. Rd2 Nb4 38. Nf5 g6 39. Nh6+ Kg7 40. Ng4 Rf7 41. h4 h5 42.
Nh2 Ref6 43. Kg2 Re7 44. Nf3 Rff7 45. Rd6 Rf6 46. Rd8 Ref7 47. Ng5 Rf2+ 48. Kh3 Re7 49. Rd6 Nc2 50. Ne6+ Kh6 51. Ng5 Ne3 52. Rd8 Ng4 53. Rh8+ Kg7 54. Rh7+ Kg8 55. Nf3 Rxh7 0-1

[Event "Late-Titled-Tuesday-Blitz-August-29-2023"]
[Site "Chess.com"]
[Date "2023.08.29"]
[Round "2"]
[White "campochess"]
[Black "superfast64"]
[Result "0-1"]
[WhiteElo "2195"]
[BlackElo "2457"]
[TimeControl "180+1"]
[EndTime "14:18:59 PDT"]
[Termination "superfast64 won by resignation"]

1. c4 c6 2. Nc3 d5 3. cxd5 cxd5 4. d4 Nc6 5. g3 Nf6 6. Bg2 Bf5 7. Bg5 e6 8. Nf3 Be7 9. O-O Ne4 10. Bf4 Nxc3 11. bxc3 O-O 12. Nd2 Na5 13. e4 dxe4 14. Bxe4 Bxe4 15.
Nxe4 Rc8 16. Rc1 Qd5 17. Qe2 Rc6 18. Rc2 Rfc8 19. Rfc1 h6 20. Bd2 Nc4 21. Be1 b6 22. f3 Ba3 23. Rb1 Be7 24. Rb3 f5 25. Nd2 Bf6 26.
Nxc4 Rxc4 27. Rcb2 Kf7 28. Rb5 Qd7 29. g4 g6 30. Qd2 Bg5 31. f4 Be7 32. Qg2 Qc6 33. Qxc6 R8xc6 34. Re2 Bf6 35. Kf2 fxg4 36. Kg3 h5 37. h3 gxh3 38. Kxh3 Rd6 39. Kg2 Rd5 40. Rb3 Rf5 41. Bd2 Be7 42. Kf3 Bd6 43. Ke4 Ra4 44. Bc1 e5 45. fxe5 Rxe5+ 46. Kd3 Rxe2 47. Kxe2 Rxa2+ 48. Kd3 Ra1 49. Bg5 Rg1 50. Bd8 g5 51. Ke4 Re1+ 52.
Kd5 Be7 53. Bc7 h4 54. c4 g4 55. Bb8 g3 56. Rf3+ Ke8 57. Bxg3 hxg3 58. Rxg3 a5 59. Kc6 Rb1 60. d5 Rd1 61. Rg6 Bc5 62. d6 Rxd6+ 63. Rxd6 Bxd6 64. Kxd6 a4 65. Kc6 a3 66. Kxb6 a2 67.
c5 a1=Q 68. c6 Kd8 0-1

[Event "Late-Titled-Tuesday-Blitz-August-29-2023"]
[Site "Chess.com"]
[Date "2023.08.29"]
[Round "2"]
[White "tteshan"]
[Black "GMKrikor"]
[Result "0-1"]
[WhiteElo "2560"]
[BlackElo "2883"]
[TimeControl "180+1"]
[EndTime "14:19:00 PDT"]
[Termination "GMKrikor won by resignation"]

1. d4 Nf6 2. c4 g6 3. Nc3 d5 4. cxd5 Nxd5 5. e4 Nxc3 6. bxc3 c5 7. Be3 Bg7 8. Qd2 Qa5 9. Rc1 O-O 10.
Nf3 Nd7 11. Be2 Nf6 12. Bd3 cxd4 13. cxd4 Qxd2+ 14. Bxd2 Rd8 15. h3 b6 16. Rc7 Rd7 17.
Rxd7 Bxd7 18. Ke2 Rc8 19. Rc1 Rxc1 20. Bxc1 e6 21. Ne5 Ba4 22. Ba3 Ne8 23. Nf3 Nc7 24. Bd6 Nb5 25. Bb4 Nxd4+ 26. Nxd4 Bxd4 27. Ba6 Bc6 28. f3 f5 29. Kd3 Be5 30. exf5 gxf5 31. a3 Kf7 32. Kc4 h5 33. Bb5 Bd5+ 34. Kd3 Bb7 35. Bc4 h4 36. Be1 Bf6 37. Bc3 Bxc3 38. Kxc3 Kf6 39. Kd4 e5+ 40. Ke3 f4+ 41. Kd3 e4+ 42. fxe4 Ke5 43. Kc3 Bxe4 44. Bf1 a5 45. Kc4 Bc6 46.
Kc3 Kd5 47. Be2 Kc5 48. Bf1 Be4 49. Kb3 b5 50. Kc3 Bd5 51. a4 bxa4 52. Kb2 Kb4 53. Ka1 a3 54. Kb1 Kc5 55. Ka1 Kd4 56. Kb1 Ke3 0-1

[Event "Late-Titled-Tuesday-Blitz-August-29-2023"]
[Site "Chess.com"]
[Date "2023.08.29"]
[Round "2"]
[White "AleksandraMilovic"]
[Black "Young_Catalan_Player09"]
[Result "0-1"]
[WhiteElo "2124"]
[BlackElo "2441"]
[TimeControl "180+1"]
[EndTime "14:19:00 PDT"]
[Termination "Young_Catalan_Player09 won on time"]

1. e4 Nc6 2. Nf3 d6 3. d4 Nf6 4. Nc3 e5 5. dxe5 Nxe5 6. Nxe5 dxe5 7. Qxd8+ Kxd8 8. Bc4 Bb4 9. Bg5 Bxc3+ 10. bxc3 Be6 11. Bxe6 fxe6 12. f3 Ke7 13. Ke2 Rhd8 14. Rhd1 h6 15. Be3 b6 16. c4 Nd7 17. Rd3 Nc5 18. Bxc5+ bxc5 19. Rb1 Rd4 20. Rb7 Kd6 21. c3 Rxd3 22. Kxd3 Kc6 23. Rb1 Rd8+ 24. Ke3 Rf8 25. g3 Re8 26. h4 Rf8 27. h5 Rd8 28. Rh1 Rb8 29.
Rh4 Rb2 30. Rg4 Rxa2 31. Rxg7 a5 32. Rg6 a4 33. Rxe6+ Kb7 34. Rxe5 c6 35. Re7+ Kb6 36. Re8 Kb7 37. Re7+ Kb6 38. Rd7 a3 39. Rd1 Rc2 40.
Kd3 Rf2 41. Ke3 Rc2 42. e5 a2 43. e6 Rxc3+ 44. Kf4 Rxc4+ 45. Kf5 Rd4 46. Ra1 Rd2 47. e7 Re2 48. Kf6 Kb5 49. Kf7 Kb4 50. f4 Kb3 51. f5 c4 52. f6 c3 53. e8=Q Rxe8 54.
Kxe8 c2 55. f7 Kb2 56. f8=Q Kxa1 57. Qf1+ Kb2 58. Qf6+ Kb1 59. Qf1+ c1=Q 60. Qxc1+ Kxc1 0-1

[Event "Late-Titled-Tuesday-Blitz-August-29-2023"]
[Site "Chess.com"]
[Date "2023.08.29"]
[Round "2"]
[White "KaydenTroffChess"]
[Black "Kleyton_Lima"]
[Result "1-0"]
[WhiteElo "2778"]
[BlackElo "2522"]
[TimeControl "180+1"]
[EndTime "14:19:02 PDT"]
[Termination "KaydenTroffChess won by resignation"]

1. d4 Nf6 2. Nf3 g6 3. Bg5 Bg7 4. Nbd2 d5 5. e3 O-O 6. Bd3 Nbd7 7. O-O Re8 8. c3 h6 9. Bf4 Nh5 10. Be5 Bxe5 11. Nxe5 Nxe5 12. dxe5 Ng7 13. f4 c5 14. Qe2 Bf5 15. e4 dxe4 16. Nxe4 b6 17. g4 Bxg4 18.
Qxg4 Qxd3 19. Ng3 Rad8 20. Rae1 Nf5 21. e6 Ne3 22. exf7+ Kxf7 23. Qh4 Nxf1 24. Rxf1 Kg7 25. f5 g5 26. Qh5 Qe3+ 27. Kh1 g4 28. f6+ Kh8 29. Qf7 Qg5 30. Rf5 Rd1+ 31. Nf1 Qg8 32. Qh5 exf6 33. Qxh6+ Qh7 34. Qxf6+ Qg7 35. Qh4+ Kg8 36.
Rg5 Rxf1+ 37. Kg2 Rf7 38. Rxg7+ Rxg7 39. Qh6 Re2+ 40. Kg3 Rxb2 41. Qe6+ Rf7 42. Qg6+ Kf8 43. Qd6+ Kg7 44. Qe5+ Rf6 45. Kxg4 Rg2+ 46. Kh3 Rg6 47. Qc7+ Rf7 48. Qe5+ Rff6 49. a4 Kf8 50. Qb8+ Ke7 51.
Qxa7+ Kf8 52. Qb8+ Kg7 53. Qe5 Kh7 54. Qe7+ Kh6 55. Qc7 Kg5 56. Kg3 Kh6+ 57. Kh4 Re6 58. Qf4+ Kg7 59. Qc7+ Kh6 60. Qb7 Ref6 61. Qb8 Rf4+ 62.
Qxf4+ 1-0

[Event "Late-Titled-Tuesday-Blitz-August-29-2023"]
[Site "Chess.com"]
[Date "2023.08.29"]
[Round "2"]
[White "NelsonLinda"]
[Black "Doudou2015"]
[Result "1-0"]
[WhiteElo "2457"]
[BlackElo "2193"]
[TimeControl "180+1"]
[EndTime "14:19:02 PDT"]
[Termination "NelsonLinda won on time"]

1. Nf3 d5 2. g3 Bg4 3. Bg2 e6 4. O-O c6 5. b3 Nf6 6. Bb2 Be7 7. d3 h5 8. h3 Bxf3 9. Bxf3 Nbd7 10. e4 h4 11. g4 g5 12. Nd2 Qc7 13. Bg2 O-O-O 14. Re1 Bd6 15. Nf3 Bf4 16. Qe2 dxe4 17. dxe4 Ne5 18.
Rad1 Rxd1 19. Rxd1 Rd8 20. Rxd8+ Kxd8 21. Bxe5 Bxe5 22. Qd2+ Ke8 23. Qxg5 Bc3 24. Nxh4 Qd6 25. Bf3 Nd7 26. Qe3 Ba5 27. Qd3 Qe5 28. a4 Bc7 29. Bg2 Qa1+ 30. Qf1 Qc3 31. Qe2 Ne5 32. Nf3 Ng6 33. Qd2 Qa1+ 34. Qe1 Qb2 35. Qd2 Nf4 36.
Bf1 Qa1 37. e5 Bxe5 38. Nxe5 Qxe5 39. Qe3 Qf6 40. Qxa7 Ke7 41. Qxb7+ Kf8 42. Qxc6 Kg7 43. Qe4 Ng6 44. a5 Qa1 45. g5 Qxa5 46. Qd4+ Kh7 47. h4 Qf5 48. Bd3 Qh3 49. Bxg6+ Kxg6 50. Qf6+ Kh5 51. Qxf7+ Kg4 52. Qxe6+ Kxh4 53. Qxh3+ Kxh3 54. g6 Kh4 55. g7 Kh3 56. g8=Q 1-0

[Event "Late-Titled-Tuesday-Blitz-August-29-2023"]
[Site "Chess.com"]
[Date "2023.08.29"]
[Round "2"]
[White "koziororo"]
[Black "frederiksvane"]
[Result "0-1"]
[WhiteElo "2602"]
[BlackElo "2946"]
[TimeControl "180+1"]
[EndTime "14:19:03 PDT"]
[Termination "frederiksvane won by checkmate"]

1. e4 c6 2. d4 d5 3. e5 a6 4. Nc3 c5 5. Nf3 Bg4 6. Be2 e6 7. O-O Nc6 8. Re1 Bxf3 9. Bxf3 Nxd4 10. Bf4 Ne7 11. Nb1 Ng6 12. Bg3 Nxf3+ 13. Qxf3 h5 14. c4 h4 15. Bf4 Be7 16. Nc3 d4 17. Ne4 Qd7 18. Rad1 O-O-O 19. h3 Kb8 20. a3 Qc6 21. Bh2 Rhf8 22. Rd3 Ka8 23. Rb1 f5 24. exf6 gxf6 25.
Qe2 e5 26. Nd2 Bd6 27. b4 f5 28. Rdb3 cxb4 29. axb4 e4 30. Bxd6 Qxd6 31. c5 Nf4 32. Qf1 Qd5 33. b5 Rg8 34. Nc4 Rxg2+ 35. Kh1 Rg6 36. bxa6 e3+ 37. f3 e2 38. axb7+ Kb8 39.
Qf2 Qxc4 40. Qxh4 Ne6 41. Ra3 Qc2 42. Ra8+ Kc7 43. Qxd8+ Nxd8 44. b8=Q+ Kc6 45. Ra6+ Kd5 46. Qxd8+ Kc4 47. Ra4+ Qxa4 48. Rc1+ Kd3 49. Qd5 Qd1+ 50. Kh2 Qxc1 51. Qxf5+ Kd2 52. Qf4+ Kc2 53. Qe4+ d3 54. Qc4+ Kd2 55. Qf4+ Kd1 56. Qa4+ Ke1 57. Qb4+ Kf1 58. Qd4 Rg2+ 59. Kh1 e1=Q 60. Qxd3+ Kf2+ 61. Qf1+ Qxf1# 0-1

[Event "Late-Titled-Tuesday-Blitz-August-29-2023"]
[Site "Chess.com"]
[Date "2023.08.29"]
[Round "2"]
[White "Anton_Demchenko"]
[Black "GoltsevDmitry2000"]
[Result "0-1"]
[WhiteElo "2919"]
[BlackElo "2616"]
[TimeControl "180+1"]
[EndTime "14:19:05 PDT"]
[Termination "GoltsevDmitry2000 won on time"]

1. e4 e6 2. d4 d5 3. Nd2 c5 4.
Ngf3 Nf6 5. e5 Ne4 6. c3 Nc6 7. Bd3 cxd4 8. cxd4 Nxd2 9. Bxd2 Be7 10. O-O Bd7 11.
a3 Na5 12. Rc1 Nc4 13. Bc3 b5 14. Qe2 a5 15. Rfd1 b4 16. axb4 axb4 17. Be1 Ba4 18. Bc2 Bxc2 19. Qxc2 O-O 20. b3 Na3 21. Qd3 Rc8 22. h4 Qa5 23. Ng5 Bxg5 24. hxg5 Qb5 25. Qxb5 Nxb5 26. Rxc8 Rxc8 27. Bxb4 Rc2 28. Bc5 h6 29. gxh6 gxh6 30. b4 Ra2 31. Rd3 Rc2 32.
Rg3+ Kh7 33. Rg4 Nc3 34. Bf8 h5 35. Rg7+ Kh8 36. Rxf7 Ne2+ 37. Kh2 Nxd4 38. Bc5 Nf5 39.
Rf6 d4 40. Rxe6 Rxf2 41. Rf6 Rf4 42. b5 d3 43. Rf8+ Kg7 44. Rd8 Rc4 45. Bf2 Rb4 46. b6 Rb3 47. Rd7+ Kg6 48. b7 d2 49. Rxd2 Rxb7 50.
Ra2 Re7 51. Ra6+ Kg5 52. Ra5 Kg6 53. Kh3 Ng7 54. Bh4 Re6 55. Bg3 Nf5 56. Bf4 Nd4 57. Rd5 Nf5 58. Bh2 Ra6 59. Bf4 Ra1 60. Kh2 Ra4 0-1

[Event "Late-Titled-Tuesday-Blitz-August-29-2023"]
[Site "Chess.com"]
[Date "2023.08.29"]
[Round "2"]
[White "ATM622"]
[Black "Petrakejzar96"]
[Result "0-1"]
[WhiteElo "2470"]
[BlackElo "2318"]
[TimeControl "180+1"]
[EndTime "14:19:05 PDT"]
[Termination "Petrakejzar96 won by resignation"]

1. d4 d5 2. c4 c6 3. Nf3 Nf6 4.
Nbd2 Bf5 5. Nh4 Bg6 6. Qb3 Qb6 7. Qh3 Nbd7 8. Nxg6 fxg6 9. e3 g5 10. c5 Qc7 11. Qe6 g6 12. b4 Bg7 13. b5 Nf8 14. Qh3 g4 15. Qg3 Qxg3 16. hxg3 h5 17. bxc6 bxc6 18. Rb1 Ne6 19. Ba6 Kf7 20.
Ba3 Rab8 21. Ke2 Rhd8 22. Bb4 Ne8 23. Ba5 N8c7 24. Bb7 Rf8 25. Bxc6 Bxd4 26. exd4 Nxd4+ 27. Kd3 Nxc6 28. Bxc7 Rbc8 29. Bf4 e5 30. Rb7+ Ke6 31. Be3 d4 32. Ne4 dxe3 33. Ng5+ Kf5 34. Ne4 Ke6 35.
Kxe3 Nd4 36. Rg7 Nf5+ 37. Ke2 Nxg7 38. Rd1 Rfd8 39. Rb1 Kd5 40. Ke3 Nf5+ 41. Kd3 Kc6+ 42. Kc3 Rb8 43. Re1 Rd4 44. Ng5 Rd5 45. Ne6 Nd4 46. Ng5 Rxc5+ 47. Kd3 Rb2 48. Nf7 Rxf2 49. Nxe5+ Rxe5 50. Rxe5 Nb5 51. Re6+ Nd6 52. Rxg6 Rxg2 53.
Rg5 Rxg3+ 54. Kd4 h4 55. Ke5 Nf7+ 56. Kf4 Nxg5 57. Kxg5 Ra3 58. Kxh4 g3 59. Kg4 g2 0-1

[Event "Late-Titled-Tuesday-Blitz-August-29-2023"]
[Site "Chess.com"]
[Date "2023.08.29"]
[Round "2"]
[White "ameetghasi100"]
[Black "Jospem"]
[Result "0-1"]
[WhiteElo "2673"]
[BlackElo "3058"]
[TimeControl "180+1"]
[EndTime "14:19:09 PDT"]
[Termination "Jospem won by checkmate"]

1. g3 c5 2. Bg2 Nc6 3. Nf3 g6 4. O-O Bg7 5. c3 e5 6. e4 Nge7 7. d3 O-O 8. a3 d6 9. b4 h6 10. Nbd2 a6 11. Rb1 b6 12. bxc5 dxc5 13. Nc4 b5 14.
Ne3 Be6 15. c4 Rb8 16. Nd5 Qd6 17. Be3 Kh7 18. Qc2 Rfc8 19. Rfc1 Nd4 20. Qa2 Nec6 21.
Nxd4 Nxd4 22. Bxd4 cxd4 23. cxb5 Rxc1+ 24. Rxc1 Rxb5 25. h4 h5 26. a4 Rb8 27. Rc2 Bh6 28. Qc4 Kg7 29. Kh2 Rc8 30. Qb3 Rxc2 31. Qxc2 Qa3 32. Qc4 a5 33. Qc7 Kh8 34. Qxe5+ Bg7 35. Qb8+ Kh7 36.
Nf4 Qxa4 37. e5 Bf5 38. Bd5 Qd7 39. Bc4 a4 40. Kg2 a3 41. Qa8 Bxe5 42. Qxa3 Bxf4 43. gxf4 Qd8 44. Kg3 Kg7 45. Qc5 f6 46. Qa7+ Qd7 47. Qc5 Bh3 48. f3 Bf5 49. Qb6 Qe7 50. Qc6 Qe1+ 51.
Kg2 Qe2+ 52. Kg3 Qe1+ 53. Kg2 Qxh4 54. Qc7+ Kh6 55. Qd8 Bh3+ 56. Kh2 Bg4+ 57. Kg1 Qg3+ 58. Kf1 Qxf3+ 59. Kg1 Qe3+ 60. Kh2 Qf2+ 61. Kh1 Bf3# 0-1

[Event "Late-Titled-Tuesday-Blitz-August-29-2023"]
[Site "Chess.com"]
[Date "2023.08.29"]
[Round "2"]
[White "KrokerGuy"]
[Black "jamengrand"]
[Result "0-1"]
[WhiteElo "2489"]
[BlackElo "2349"]
[TimeControl "180+1"]
[EndTime "14:19:12 PDT"]
[Termination "jamengrand won by resignation"]

1. e4 c5 2. Nf3 Nc6 3. d4 cxd4 4. Nxd4 g6 5. Nc3 Bg7 6. Be3 Nf6 7. Bc4 O-O 8. Bb3 Re8 9. f3 e6 10. f4 d6 11. Ndb5 d5 12. e5 Nd7 13. Nd6 Rf8 14.
Qd3 Ndxe5 15. fxe5 Nxe5 16. Qd2 Qxd6 17. O-O-O Ng4 18.
Bf4 Qxf4 19. Qxf4 Bh6 20. Rhf1 Bxf4+ 21. Rxf4 Ne5 22. g4 Nc6 23. h4 Bd7 24. h5 gxh5 25.
gxh5 f5 26. Nb5 Rf6 27. Nd6 Rb8 28. Rff1 Kf8 29. Rg1 Ke7 30. Nb5 Rbf8 31. h6 Rxh6 32. Rg7+ Rf7 33. Rg8 Rg6 34. Rh8 f4 35. Rh1 f3 36.
Nc3 Nd4 37. Nd1 Nxb3+ 38. axb3 f2 39. Rf1 Rgf6 40. Rg8 Bb5 41. c4 dxc4 42. Nc3 Ba6 43. b4 Rg6 44. Rxg6 hxg6 45. b5 Bxb5 46. Nxb5 g5 47. Nc3 g4 48. Ne2 Rf3 49. Kd2 g3 50.
Nxg3 Rxg3 51. Rxf2 Rd3+ 52. Kc2 b5 53. Rh2 a5 54.
Rh5 b4 55. Rxa5 b3+ 56. Kc1 Kd6 57. Rh5 e5 58. Rh4 Kd5 59. Rh8 Rg3 60. Kd2 Rg2+ 61. Kc3 Rc2+ 62. Kb4 Rxb2 63. Rd8+ Ke4 64. Kxc4 Rc2+ 65.
Kxb3 Rc7 66. Kb2 Ke3 67. Re8 e4 68. Rd8 Ke2 69. Rd4 e3 70. Kb1 Ke1 71. Kb2 e2 72.
Rd5 Kf2 73. Rf5+ Ke3 74. Re5+ Kf3 75. Re8 Rc4 76. Kb3 Re4 77. Rf8+ Ke3 0-1

[Event "Late-Titled-Tuesday-Blitz-August-29-2023"]
[Site "Chess.com"]
[Date "2023.08.29"]
[Round "2"]
[White "Mindhunter08"]
[Black "Arystanner"]
[Result "0-1"]
[WhiteElo "2454"]
[BlackElo "2851"]
[TimeControl "180+1"]
[EndTime "14:19:13 PDT"]
[Termination "Arystanner won by resignation"]

1. e4 c5 2. Nf3 d6 3. d4 cxd4 4. Nxd4 Nf6 5. Nc3 a6 6. Bg5 Nbd7 7. Bc4 b5 8. Bd5 Nxd5 9. Nxd5 Bb7 10. O-O Nb6 11.
Re1 h6 12. Bh4 g5 13. Nxb6 Qxb6 14. Bg3 e6 15. c3 Bg7 16. Qh5 O-O 17. Rad1 b4 18.
h4 bxc3 19. bxc3 gxh4 20. Bxh4 Qc5 21. Qg4 Kh7 22. Re3 Rg8 23. Nb3 Qe5 24. Bg3 Qb5 25. Bxd6 Rad8 26. Qf4 Qh5 27. Rd2 e5 28. Qf5+ Qxf5 29.
exf5 Bf6 30. Bxe5 Rxd2 31. Nxd2 Rxg2+ 32. Kf1 Bg5 33. Rd3 Rg4 34. Rd7 Bc6 35. Rxf7+ Kg8 36. Rg7+ Kf8 37. Ke2 Bb5+ 38. c4 Bxc4+ 39. Nxc4 Rxc4 40.
Ra7 Re4+ 41. Kf3 Rxe5 42. Rxa6 Rxf5+ 43. Kg3 Kg7 44. a4 Rf4 45. a5 Ra4 46. Ra7+ Kg6 47. a6 Ra3+ 48. f3 Be3 49. Re7 Bg1 50. Re6+ Kg7 51.
Kg2 Bd4 52. Rd6 Bc5 53. Rc6 Be3 54. Re6 Kf7 55. Rc6 Ke7 56. Kg3 Kd7 57. Rg6 Ra1 58.
Kh2 Kc7 59. Re6 Bf4+ 60. Kh3 Kb8 61. Kg4 Bd2 62. f4 Rg1+ 63. Kf5 h5 64. Rh6 Rh1 65.
Kg6 h4 66. f5 Bxh6 67. Kxh6 h3 68. f6 h2 69. f7 Rf1 0-1

[Event "Late-Titled-Tuesday-Blitz-August-29-2023"]
[Site "Chess.com"]
[Date "2023.08.29"]
[Round "2"]
[White "2k28Lakers"]
[Black "GreatOwl02"]
[Result "0-1"]
[WhiteElo "2496"]
[BlackElo "2394"]
[TimeControl "180+1"]
[EndTime "14:19:14 PDT"]
[Termination "GreatOwl02 won on time"]

1. e4 e5 2. Nf3 Nf6 3. Nc3 Nc6 4. a3 d5 5. Bb5 d4 6. Nxe5 dxc3 7. Nxc6 bxc6 8. Bxc6+ Bd7 9. Bxa8 Qxa8 10. O-O cxd2 11. Bxd2 Nxe4 12. Re1 Bc5 13. Be3 Bxe3 14. Rxe3 Be6 15.
Qd4 Nf6 16. Qa4+ Kf8 17. Rae1 Kg8 18. Qa5 h5 19. Qxc7 Nd5 20. Qe5 Nxe3 21. Rxe3 Rh6 22. Rg3 g6 23. h4 Rh8 24. b3 Kh7 25. c4 Rd8 26. Kh2 Qb8 27. Qf6 Qd6 28. a4 Bf5 29. Qxd6 Rxd6 30. c5 Rd1 31. Rc3 Rb1 32. c6 Bc8 33.
Kg3 Kg7 34. Kf4 Kf6 35. c7 Ke7 36. Kg5 Rb2 37. Rf3 Rc2 38. Re3+ Kf8 39. Rd3 Rxc7 40. Kh6 Ke7 41. Kg7 Be6 42. b4 Rc4 43. b5 Rxa4 44.
Rc3 Kd6 45. Rc6+ Kd7 46. Rc5 Rxh4 47. g3 Rb4 48. Kf6 Kd6 49. Rc6+ Kd7 50. Ra6 Rxb5 51. Rxa7+ Kd6 52. Ra6+ Kd5 53. Ra8 Kd4 54. Ra4+ Kd3 55.
Kg7 Rf5 56. Ra3+ Ke2 57. f4 Kf2 58. Rc3 h4 59. gxh4 Rxf4 60. Rc2+ Kg3 61. h5 gxh5 62.
Kh6 h4 63. Kg5 h3 64. Rc3+ Rf3 65. Rc1 h2 66. Rh1 Kg2 67. Rg1+ Kxg1 0-1

[Event "Late-Titled-Tuesday-Blitz-August-29-2023"]
[Site "Chess.com"]
[Date "2023.08.29"]
[Round "2"]
[White "ToddBryant"]
[Black "ural58"]
[Result "0-1"]
[WhiteElo "2363"]
[BlackElo "2520"]
[TimeControl "180+1"]
[EndTime "14:19:17 PDT"]
[Termination "ural58 won by resignation"]

1. e4 d5 2. exd5 Qxd5 3. Nc3 Qd6 4. d4 c6 5. Nf3 Bf5 6. Ne5 Nd7 7. Nc4 Qc7 8. Qf3 Bxc2 9. Bf4 e5 10. dxe5 g5 11. Nd6+ Bxd6 12. exd6 Qa5 13. Qe3+ Kf8 14. Qd2 gxf4 15.
Qxc2 Re8+ 16. Be2 f3 17. gxf3 Ngf6 18. O-O-O Rg8 19. Rhg1 Rg5 20. Kb1 Ree5 21. Qd2 Nd5 22. Rxg5 Nxc3+ 23. bxc3 Rxg5 24. h4 Rg6 25. Bd3 Rxd6 26.
Qf4 Qe5 27. Qe3 Qxe3 28. fxe3 Ne5 29. Kc2 Rh6 30. f4 Nxd3 31. Rxd3 Ke7 32. Rd4 Rxh4 33. Re4+ Kd7 34. Ra4 a6 35. Rd4+ Ke7 36. Kd3 Rh2 37. Rb4 b5 38. a4 h5 39. axb5 axb5 40. f5 Kd6 41. e4 f6 42. Rd4+ Ke7 43. Ke3 Rh3+ 44.
Kd2 h4 45. Kc2 Re3 46. Kb3 h3 47. Rd2 Rxe4 48. Rh2 Rh4 49. Kc2 Kd6 50. Kd3 Ke5 51.
Kc2 Kxf5 52. Kb3 Kg6 53. Ka3 f5 54. Kb3 Kf6 55. Kc2 c5 56. Kd3 b4 57. c4 Ke5 58.
Re2+ Kd6 59. Rh2 f4 60. Ke4 f3+ 61. Kxf3 Rxc4 62. Ke2 Rh4 63. Kf3 Kc6 64. Kg3 Rh6 65.
Kg4 Kb5 66. Re2 h2 67. Re1 h1=Q 68. Rxh1 0-1

[Event "Late-Titled-Tuesday-Blitz-August-29-2023"]
[Site "Chess.com"]
[Date "2023.08.29"]
[Round "2"]
[White "AsaHoffmann"]
[Black "Alphafischer2019"]
[Result "0-1"]
[WhiteElo "2355"]
[BlackElo "2513"]
[TimeControl "180+1"]
[EndTime "14:19:17 PDT"]
[Termination "Alphafischer2019 won on time"]

1. d4 Nf6 2. Bg5 d5 3. Nd2 g6 4.
e3 Bg7 5. f4 h6 6. Bh4 c5 7. c3 Nc6 8. Bd3 Qb6 9. Rb1 Bf5 10.
Bxf5 gxf5 11. Ngf3 e6 12. O-O Ne4 13. Ne5 Nxe5 14. fxe5 cxd4 15. Nxe4 dxe4 16. cxd4 Qb5 17. Qh5 Rg8 18. b3 Bf8 19. Rbc1 Qd7 20. Rc4 Rc8 21.
Rfc1 Rxc4 22. bxc4 Rg6 23. Qd1 Be7 24. Bxe7 Qxe7 25. d5 Qg5 26. Qd2 Qg4 27. Rd1 f4 28. dxe6 Kf8 29. exf7 Kxf7 30. Qd7+ Qxd7 31. Rxd7+ Ke8 32.
Rxb7 fxe3 33. Kf1 e2+ 34. Kxe2 Rxg2+ 35. Ke3 Rxh2 36. Rxa7 Rc2 37. Kxe4 Rxc4+ 38. Kd5 Rc1 39. Ke6 Rc6+ 40. Kd5 Rb6 41. a4 h5 42. a5 Rg6 43.
a6 h4 44. e6 Rg1 45. Rh7 Rd1+ 46. Kc5 Rc1+ 47. Kd6 Rd1+ 48. Kc7 Rc1+ 49. Kb8 Rb1+ 50. Ka8 h3 51. Rxh3 Ke7 52. Re3 Rb6 53. Ka7 Rb1 54. Re4 Rb2 55. Re5 Rb3 56. Ka8 Rb6 57.
a7 Rb1 58. Rc5 Kxe6 59. Rc8 Kd7 60. Rb8 Rc1 61. Rb5 Kc7 62. Rb7+ Kc8 0-1

[Event "Late-Titled-Tuesday-Blitz-August-29-2023"]
[Site "Chess.com"]
[Date "2023.08.29"]
[Round "2"]
[White "alexrustemov"]
[Black "AndreiITrifan"]
[Result "1-0"]
[WhiteElo "2884"]
[BlackElo "2560"]
[TimeControl "180+1"]
[EndTime "14:19:21 PDT"]
[Termination "alexrustemov won by resignation"]

1. d4 Nf6 2. c4 e6 3. Nf3 b6 4. a3 Bb7 5. Nc3 d5 6. Bg5 Be7 7. Bxf6 Bxf6 8. cxd5 exd5 9. Qa4+ Qd7 10. g3 Qxa4 11.
Nxa4 O-O 12. Bg2 Re8 13. e3 Ba6 14. Rc1 c6 15. Bf1 Bb7 16. Bh3 Ba6 17. Kd2 Rd8 18.
b4 Nd7 19. Nb2 Bb7 20. Rc2 a5 21. b5 cxb5 22. Rc7 Bc8 23. Rhc1 Nc5 24. Bxc8 Raxc8 25. Rxc8 Rxc8 26. Ke2 Rb8 27. Ne5 Bxe5 28. dxe5 Re8 29.
f4 f6 30. exf6 d4 31. Nd1 gxf6 32. Rb1 Na4 33. Rxb5 Rxe3+ 34. Nxe3 Nc3+ 35. Kd3 Nxb5 36. Nc4 a4 37. Nxb6 Nxa3 38. Nxa4 Nb5 39. Kc4 Nd6+ 40. Kxd4 Kf7 41. Nc5 h5 42. Ne4 Nf5+ 43. Kd3 Nh6 44. Ke2 Ke6 45. Kf3 Kf5 46. Nd6+ Kg6 47. Nc4 Nf5 48.
Ne3 Nd4+ 49. Ke4 Ne2 50. Kd3 Ng1 51. h4 Nf3 52. f5+ Kg7 53. Ng2 Ne5+ 54. Ke4 Kh6 55.
Nf4 Ng4 56. Nd5 Kh7 57. Kf4 Kg7 58. Nc7 Kf7 59. Ne6 Ne5 60. Nd4 Nd3+ 61. Ke3 Ne5 62.
Nf3 Ng4+ 63. Ke4 Kg7 64. Kd5 Ne3+ 65. Ke6 Nf1 66. Nd4 Nxg3 67. Nc6 Ne2 68. Ke7 Nd4 69. Nxd4 1-0